Cogmind - Beta 17 @@@ ROGUE MODE // 2026.08.11 @ 13:07:55 Player: LandRaider Result: Destroyed by Y-45 Defender with Heavy Assault Rifle Performance ------------- Evolutions (1) 500 Regions Visited (2) 400 Robots Destroyed (39) 195 Value Destroyed (944) 944 Prototype IDs (0) 0 Alien Tech Used (0) 0 Bonus (0) 0 TOTAL SCORE: 2039 Bonus ------- None Cogmind --------- Core Integrity 0/400 Matter 300/300 Energy 48/100 System Corruption 0% Temperature Cool (0) Movement Rolling (100) Location -9/Materials Parts ------- > --- POWER (1) -------- (None) > --- PROPULSION (2) --- Compact Wheel > --- UTILITY (4) ------ Small Storage Unit Weight Redist. System > --- WEAPON (2) ------- Maul > --- INVENTORY (8) ---- Aluminum Leg Aluminum Leg Compact Wheel Sensor Array Transport Network Coupler Shield Generator Beam Rifle Rocket Launcher Peak State ------------ > --- POWER ------------ Ion Engine > --- PROPULSION ------- Compact Wheel Compact Wheel > --- UTILITY ---------- Small Storage Unit Terrain Scanner Targeting Computer Hardened Medium Armor Plating > --- WEAPON ----------- Beam Rifle Maul > --- INVENTORY -------- Light Ion Engine Aluminum Leg Sensor Array Transport Network Coupler Shield Generator Beam Rifle Light Assault Rifle Rocket Launcher [Rating: 14] Favorites ----------- Power Ion Engine Engine Ion Engine Propulsion Compact Wheel Leg Aluminum Leg Wheel Compact Wheel Utility Small Storage Unit Device Terrain Scanner Storage Small Storage Unit Processor Targeting Computer Protection Hardened Medium Armor Plating Weapon Assault Rifle Energy Gun Beam Rifle Ballistic Gun Assault Rifle Impact Weapon Maul Build | -11 -10 -9 ------- Run | Yrd Mat Mat Slots Evolved 2 | . . 2 Power . | . . . Propulsion . | . . . Utility 2 | . . 2 Weapon . | . . . Parts Attached 26 | 6 9 11 Power 4 | 1 1 2 Engine 4 | 1 1 2 Core . | . . . Reactor . | . . . Propulsion 8 | 2 3 3 Treads . | . . . Leg 2 | . 1 1 Wheel 6 | 2 2 2 Hover . | . . . Flight . | . . . Utility 6 | 1 1 4 Device 3 | . . 3 Storage 1 | 1 . . Processor 1 | . 1 . Hackware . | . . . Protection 1 | . . 1 Artifact . | . . . Weapon 8 | 2 4 2 Energy Gun 5 | 1 3 1 Energy Cannon . | . . . Ballistic Gun 2 | 1 1 . Ballistic Cannon . | . . . Launcher . | . . . Special Weapon . | . . . Impact Weapon 1 | . . 1 Slashing Weapon . | . . . Piercing Weapon . | . . . Special Melee Weapon . | . . . Unidentified Prototypes . | . . . Parts Lost 10 | . 1 9 Power 2 | . . 2 Propulsion 4 | . 1 3 Utility 2 | . . 2 Weapon 2 | . . 2 Highest Loss Streak 6 | . 1 6 To Critical Strikes . | . . . Average Backups 7 | 3 7 7 Power . | . 1 . Propulsion 2 | 2 2 1 Utility 2 | . 2 2 Weapon 1 | . 1 2 Tool/Special . | . . . Unused Backups 8 | . 3 5 Power . | . . . Propulsion 4 | . 2 2 Utility 2 | . . 2 Weapon 2 | . 1 1 Tool/Special . | . . . Average Slot Usage (%) 87 | . 96 72 Engine 11 | . 14 6 Wheel 21 | . 24 16 Device 3 | . . 8 Storage 12 | . 14 11 Processor 11 | . 13 8 Energy Gun 11 | . 14 8 Ballistic Gun 9 | . 14 2 Impact Weapon 2 | . . 6 Peak Build Rating 14 | 6 9 14 Average Rating 8 | 4 8 9 On Entrance 5 | . 6 9 Avg Prop Armor Cover (%) 9 | . 9 . Naked Turns . | . . . Heaviest Build 25 | 13 15 25 Greatest Support 38 | 32 32 38 Greatest Overweight (x) 2 | . . 2 Average Overweight (x) . | . . . Largest Inventory Capacity 8 | 8 8 8 Average Capacity 7 | 7 8 8 Most Carried 8 | 6 8 8 Average Carried 7 | 3 7 7 Final Capacity 8 | 8 8 8 Final Carried 8 | 6 8 8 Class Distribution -------------------- 100% | Mutant Dominant Class ---------------- Mutant | -10/Materials Mutant | -9/Materials Resources | -11 -10 -9 ----------- Run | Yrd Mat Mat Matter Collected 732 | 195 276 261 Remotely . | . . . Salvage Created 1300 | . 536 764 Parts 63 | . 35 28 Haulers Intercepted 2 | . 1 1 Recyclers Shooed . | . . . Parts Field Recycled . | . . . Retrieved Matter . | . . . Parts Self-Destructed . | . . . Prevented . | . . . Parts Restored . | . . . Kills | -11 -10 -9 ------- Run | Yrd Mat Mat Combat Hostiles Destroyed 25 | . 11 14 Melee 2 | . . 2 Guns 18 | . 11 7 Classes Destroyed 10 | . 6 4 Worker 2 | . . 2 Builder 1 | . 1 . Hauler 2 | . 1 1 Recycler 2 | . 1 1 Mechanic 1 | . . 1 Operator 1 | . . 1 Watcher 5 | . 3 2 Swarmer 3 | . 3 . Grunt 21 | . 8 13 Sentry 1 | . . 1 Best Kill Streak 7 | . 5 7 Combat Bots Only 4 | . 4 4 Max Kills in Single Turn 2 | . 2 2 Gunslinging 1 | . . 1 Exploded . | . . . Melee 1 | . . 1 Uniques/NPCs Destroyed . | . . . Combat | -11 -10 -9 -------- Run | Yrd Mat Mat Hostile Shots Fired 161 | . 62 99 Missed 42 | . 17 25 Hits 119 | . 45 74 Projectile 119 | . 45 74 Critical Strikes 3 | . 1 2 Damage Taken 1439 | . 484 955 Core 535 | . 129 406 Absorbed by Shields . | . . . Core Remaining (%) 74 | 100 48 . Volleys Fired 69 | . 32 37 Largest 2 | . 2 2 Hottest 112 | . 85 112 Shots Fired 120 | . 64 56 Gun 120 | . 64 56 Cannon . | . . . Launcher . | . . . Special . | . . . Kinetic 41 | . 32 9 Thermal 79 | . 32 47 Explosive . | . . . Electromagnetic . | . . . Robot Hit Streak 17 | . 17 8 Robot Miss Streak 3 | . 3 3 Penetration Max . | . . . Secondary Targets 2 | . . 2 Max Gunslinging Chain 1 | . . 1 Shots Hit Robots 106 | . 42 64 Core Hits 44 | . 25 19 Critical Kills 1 | . . 1 Critical Parts Destroyed 7 | . . 7 Critical Strikes 13 | . 4 9 Burn 5 | . 4 1 Smash 8 | . . 8 Melee Attacks 31 | . . 31 Impact 31 | . . 31 Slashing . | . . . Piercing . | . . . Sneak Attacks 7 | . . 7 Combat Hostiles 1 | . . 1 Follow-up Attacks . | . . . Damage Inflicted 2401 | . 592 1809 Guns 1090 | . 592 498 Cannons . | . . . Explosions . | . . . Melee 1311 | . . 1311 Ramming . | . . . Kinetic 237 | . 202 35 Thermal 853 | . 390 463 Explosive . | . . . Electromagnetic . | . . . Impact 1311 | . . 1311 Slashing . | . . . Piercing . | . . . Highest Corruption 1 | . 1 . Average Corruption 1 | . 1 . Corruption Purged . | . . . Corruption Blocked . | . . . Effects 5 | . 5 . Message Errors 1 | . 1 . Matter Fused 2 | . 2 . Parts Rejected 1 | . 1 . Data Loss (minor) 1 | . 1 . Overload Shots . | . . . Overflow Damage 549 | . . 549 Projectiles . | . . . Explosions . | . . . Melee 549 | . . 549 Knockbacks 7 | . . 7 Impact 7 | . . 7 Kinetic . | . . . Secondary . | . . . Self-Inflicted Damage . | . . . Shots . | . . . Rammed . | . . . Targets Rammed . | . . . Kicked . | . . . Crushed . | . . . Highest Temperature 531 | . 240 531 Average Temperature 197 | . 76 311 Received Heat Transfer 690 | . 243 447 Effects 26 | . . 26 Shutdowns 3 | . . 3 Energy Bleed 1 | . . 1 Interference 2 | . . 2 Matter Decay 4 | . . 4 Short Circuit 5 | . . 5 Damage (minor) 3 | . . 3 Damage (major) 7 | . . 7 Damage (core) 1 | . . 1 Siege Activations . | . . . Martial Activations . | . . . Shielding Activations . | . . . Robots Disrupted . | . . . Combat Hostiles . | . . . Robots Corrupted 11 | . . 11 Combat Hostiles 5 | . . 5 Parts Fried 9 | . . 9 Impact Corruptions 22 | . . 22 Robots Melted . | . . . Combat Hostiles . | . . . Parts Melted 4 | . 2 2 Heat Transferred 2516 | . 1258 1258 Parts Sabotaged . | . . . Parts Stolen . | . . . Parts Stripped . | . . . Power Chain Reactions . | . . . Alert | -11 -10 -9 ------- Run | Yrd Mat Mat Maximum Alert Level 1 | . . 1 Low Security (%) 88 | 100 100 67 Level 1 11 | . . 32 Level 2 . | . . . Level 3 . | . . . Level 4 . | . . . Level 5 . | . . . High Security . | . . . Max Security . | . . . Peak Influence 274 | . 129 274 Initial 46 | . . 46 Average 78 | . 50 139 Influence Increases 812 | . 344 468 Destroy 0b10 Robot/C 500 | . 220 280 Destroy 0b10 Robot/NC 70 | . 30 40 Destroy Leader 124 | . 58 66 Successful Hack 40 | . 34 6 Disable Machine 15 | . . 15 Destroy Structure 3 | . 2 1 Lose Combat Pursuer 60 | . . 60 Influence Decreases 578 | . 233 345 Entered New Map 65 | . . 65 Time Decay 403 | . 223 180 Lost Part 100 | . 10 90 Lost Ally 10 | . . 10 Squads Dispatched 10 | . 4 6 Investigation 6 | . 2 4 Extermination . | . . . Reinforcement 4 | . 2 2 Assault . | . . . Garrison . | . . . Intercept . | . . . Searches Triggered . | . . . Construction Impeded . | . . . Haulers Reinforced . | . . . Active Scanning Responses . | . . . Cargo Convoy Interrupts . | . . . Stealth | -11 -10 -9 --------- Run | Yrd Mat Mat Distress Signals 5 | . 2 3 Communications Jammed . | . . . Distress Signals . | . . . Times Spotted 41 | . 17 24 Peak Tracking Total 6 | . 4 6 Tactical Retreats 2 | . . 2 Traps | -11 -10 -9 ------- Run | Yrd Mat Mat Traps Triggered 2 | . 1 1 Indirectly . | . . . Trap Hack Attempts . | . . . Triggered . | . . . Disarmed . | . . . Reprogrammed . | . . . Reused . | . . . Traps Extracted . | . . . Installed . | . . . Triggered . | . . . Machines | -11 -10 -9 ---------- Run | Yrd Mat Mat Machines Disabled 1 | . . 1 Max in Single Turn 1 | . . 1 Machines Repaired . | . . . Machines Dismantled . | . . . Machines Sabotaged . | . . . Overloaded Fab Kills . | . . . Hacking | -11 -10 -9 --------- Run | Yrd Mat Mat Machines Accessed 11 | . 7 4 Terminals 9 | . 6 3 Fabricators . | . . . Repair Stations . | . . . Recycling Units 2 | . 1 1 Scanalyzers . | . . . Garrison Access . | . . . Total Hacks 33 | . 22 11 Successful 18 | . 15 3 Failed 15 | . 7 8 Catastrophic 2 | . . 2 Database Lockouts . | . . . Manual 12 | . 4 8 Terminals 29 | . 21 8 Fabricators . | . . . Repair Stations . | . . . Recycling Units 4 | . 1 3 Scanalyzers . | . . . Garrison Access . | . . . Terminal Hacks 12 | . 12 . Record 6 | . 6 . Robot Analysis 1 | . 1 . Branch Access Points 1 | . 1 . Emergency Access Points 1 | . 1 . Recall Investigation 1 | . 1 . Zone Layout 2 | . 2 . Fabricator Hacks . | . . . Repair Station Hacks . | . . . Recycling Unit Hacks 3 | . 1 2 Report Inventory 2 | . 1 1 Retrieve Components 1 | . . 1 Scanalyzer . | . . . Garrison Access Hacks . | . . . Unauthorized Hacks 3 | . 2 1 Terminals 3 | . 2 1 Assimilate 3 | . 2 1 Fabricators . | . . . Repair Stations . | . . . Recycling Units . | . . . Scanalyzers . | . . . Garrison Access . | . . . Data Cores Recovered . | . . . Used . | . . . Hacking Detections 10 | . 6 4 Full Trace Events 7 | . 4 3 Feedback Events . | . . . Feedback Blocked . | . . . Robot Schematics Acquired . | . . . Robots Built . | . . . Authchips . | . . . Time . | . . . Total Robot Build Rating . | . . . Part Schematics Acquired . | . . . Parts Built . | . . . Authchips . | . . . Time . | . . . Total Part Build Rating . | . . . Part Studies Acquired . | . . . Parts Repaired . | . . . Time . | . . . Parts Recycled . | . . . Recycled Matter . | . . . Retrieved Matter . | . . . Retrieved Components 3 | . . 3 Parts Scanalyzed . | . . . Part Schematics Acquired . | . . . Parts Damaged . | . . . Bothacking | -11 -10 -9 ------------ Run | Yrd Mat Mat Used RIF Installer . | . . . Robots Hacked . | . . . Non-combat . | . . . Combat . | . . . Robot Hacks Applied . | . . . Relay Couplers Released . | . . . Fabnet Peak Effective % . | . . . Robots Rewired . | . . . Allies Hacked . | . . . Hacks Repelled . | . . . Allies | -11 -10 -9 -------- Run | Yrd Mat Mat Total Allies 1 | . . 1 Largest Group 1 | . . 1 Highest-Rated Group 10 | . . 10 Highest-Rated Ally 10 | . . 10 Total Orders . | . . . Ally Attacks . | . . . Total Damage . | . . . Kills . | . . . Allies Corrupted . | . . . Allies Melted . | . . . Intel | -11 -10 -9 ------- Run | Yrd Mat Mat Active Infowar (turns) 156 | . . 156 Sensors 88 | . . 88 Terrain 155 | . . 155 Robot Analysis Total 1 | . 1 . Derelict Logs Recovered . | . . . Drone Launches . | . . . Drone Recoveries . | . . . Exploration | -11 -10 -9 ------------- Run | Yrd Mat Mat Turns Passed 1027 | 71 590 366 Spaces Moved 660 | 59 463 138 Core 13 | 5 . 8 Treads . | . . . Legs 13 | . . 13 Wheels 634 | 54 463 117 Hover . | . . . Flight . | . . . Fastest Speed 50 | 50 100 100 Average Speed 100 | 95 100 104 Slowest Speed 150 | 100 100 150 Overloaded Moves . | . . . Propulsion Burnouts . | . . . Robots Hopped . | . . . Potential Cave-ins . | . . . Cave-ins Triggered . | . . . Exploration Rate (%) 36 | 4 86 19 Regions Visited 2 Branch Regions . Pre-discovered Areas . | . . . Known Exits Taken . | . . . Unknown Exits Taken 2 | 1 1 . Scrap Searched . | . . . Spaces Dug 1 | . . 1 Terrain Destroyed 1 | . . 1 Melee 1 | . . 1 Projectile . | . . . AOE . | . . . Terrain Rammed . | . . . Walls Destroyed . | . . . Machines Disabled . | . . . Actions | -11 -10 -9 --------- Run | Yrd Mat Mat Total 843 | 70 531 242 Wait 26 | . 9 17 Move 658 | 58 462 138 Hop . | . . . Pick Up 14 | 6 6 2 Fast Attach 15 | 6 4 5 Attach 5 | . 1 4 Detach 2 | . . 2 Swap 10 | . 6 4 Drop 13 | . 11 2 Fire 69 | . 32 37 Melee 31 | . . 31 Ram . | . . . Kick . | . . . Crush . | . . . Escape Stasis . | . . . Rewire . | . . . Trap . | . . . Miscellaneous . | . . . Route ------- -11/Scrapyard -10/Materials (discovered 4 exits: *Mat x3 / Min) -9/Materials (discovered 1 exit: [*Min]) History --------- Turn | Location | Event 21 | -11/Scrapyard | Discovered new exit (range 16) 72 | -11/Scrapyard | Entered Materials 313 | -10/Materials | Build established: Mutant 314 | -10/Materials | Discovered new exit (range 16) 403 | -10/Materials | Identified exit to Mines 526 | -10/Materials | Core integrity fell below 50% 551 | -10/Materials | Discovered new exit (range 16) 616 | -10/Materials | Discovered new exit (range 16) 662 | -10/Materials | Entered another Materials area 662 | -9/Materials | Evolved 2 slots: Utility x2 765 | -9/Materials | Discovered new exit (range 12) 867 | -9/Materials | Core integrity fell below 50% 923 | -9/Materials | Lost 6 parts (2p2n2w) 1020 | -9/Materials | Core integrity fell below 20% 1028 | -9/Materials | Destroyed by Y-45 Defender with Heavy Assault Rifle Last Messages --------------- 00988_ O-16 Technician locks terminal. 00989_ O-16 Technician accesses terminal... 00989_ O-16 Technician IFF database reprogrammed. 00995_ W-16 Scout sends out distress signal. 00995_ G-34 Mercenary suffers critical hit (Smash). 00995_ Destroyed Sml. Laser. 00995_ G-34 Mercenary system corrupted by crushing effect. 00996_ G-34 Mercenary system terminally corrupted. 01006_ Technician 2a destroyed. 01015_ K-01 Serf collects debris. 01016_ Critical hit (Burn: +37). 01017_ Y-45 Defender suffers critical hit (Smash). 01017_ Destroyed Heat Sink. 01017_ Y-45 Defender system corrupted by crushing effect. 01018_ K-01 Serf collects debris. 01021_ Com. Wheel destroyed. 01021_ U-05 Engineer builds a Door. 01023_ K-01 Serf collects debris. 01025_ Y-45 Defender IFF system glitched. 01026_ K-01 Serf collects debris. Map ----- +----------------------------------------------------+ | | | | | | | | | | | | | | | | | | | | | | | | | | | | | | | | | | | ???????????????????###???????????????????????????? | | ?????????????????? ???????????????????????????? | | ??????????????????? ??????????????????????????? | | ?????????????????? """ ??????????????????????????? | | ????????????????????"" ?????????????????????????? | | ????????????????????"" ?????????????????????????? | | ?????????????????????? ????????????????????????? | | ??????????????#####+####Y######??????????????????? | | ?????????? @ #??????????????????? | | ?????????? % ##?????????????????? | | ????####??##+########## [[!! T#?????????????????? | | ????#"""??# """"" ##T [o!! ##????? #?????????? | | ??##"!!!"?# ""T"" ### [!! g### #?????????? | | ??#"" ""# + /*k% ???? | | ??# # ]] ### *g= #????????? | | ??# < # % ]] #?## ############# ##????????? | | ??# ?# ]] #??#u#???????????????????????? | | ??# ?# #??#+#???????????????????????? | | ???# ?# #??# ????????????????????????? | | ##### #?##+########??# ????????????????????????? | | # #### ########### ????????????????????????? | | + %%% # ????????????????????????? | | #?? # % % + ????????????????????????? | | ????# % % #?????????????????????????? | | ?#?## ##+######### #?????????????????????????? | | ????# # ##????? #?????????????????????????? | | ##### %# #?????????????????????????????????? | | T # %"" ##????????????????????????????????? | | # """ #?????????????????????????????????? | | # """ #?????????????????????????????????? | | # #?????????????????????????????????? | | = ########?#???????????????????????????????? | | %* #?#???#???#??????????????????????????????? | +----------------------------------------------------+ Best States ------------- Heat Dissipation 28 Energy Generation 10 Energy Capacity 250 Matter Stores 300 Matter Capacity 300 Sight Range 16 Robot Scan Range 14 Terrain Scan Range 14 Terrain Scan Density 10 Additional Mass Support 6 Armor Coverage 225 Evasion (%) 50 Targeting Accuracy 5 Item Schematics ----------------- None Robot Schematics ------------------ None Fabricated ------------ Nothing Repaired ---------- Nothing Studied --------- None Alien Tech Used ----------------- None Achievements -------------- None Challenges ------------ None Game ------ Seed VisualClaymoresCharger Manual? 0 Play Time 00:15:18 Cumulative 53.0 hours Start 2026.08.11 @ 12:33:12 End 2026.08.11 @ 13:07:55 Sessions 1 Manual Loads 0 Difficulty Rogue Special Mode None Game No. 52 Rogue 50 Adventurer 2 Explorer 0 Win Type - Total 0 Types 0/0/0/0/0/0/0/0/0/0 Lore% 29 Gallery% 29 Achievement% 25 Wizard Run 0 Options --------- Layout 0 ASCII 0 Keyboard 0 Movement Mouse Keybinds 0 Fullscreen 2 Font 24/Smallcaps Map View 76x50 Zoom Use 0% Tactical HUD 1 Map Filters NONE Filters NONE Steam 1 RUN: f898d626-9525-40dc-ac21-966fd3bf5e14